 Dungeon Crawl Stone Soup version 0.21-a0-582-g1b93aee (webtiles) character file.

46697 Amnesiac the Whirler (level 14, -2/98 HPs)
             Began as a Halfling Fighter on Dec 19, 2017.
             Was the Champion of Okawaru.
             Slain by a white ugly thing (28 damage)
             ... on level 15 of the Dungeon.
             The game lasted 00:34:34 (17524 turns).

Amnesiac the Whirler (Halfling Fighter)            Turns: 17524, Time: 00:34:34

Health: -2/98      AC: 21    Str: 23    XL:     14   Next: 77%
Magic:  20/20      EV: 16    Int:  8    God:    Okawaru [******]
Gold:   2172       SH:  9    Dex: 15    Spells: 2/13 levels left

rFire    + . .     SeeInvis .   a - +7 hunting sling "Bishrey" {venom, rF+ Str+2 Int+2}
rCold    . . .     Gourm    .   x - +1 buckler {reflect}
rNeg     . . .     Faith    +   o - +0 plate armour
rPois    .         Spirit   .   (helmet restricted)
rElec    .         Reflect  +   p - +1 cloak
rCorr    .         Harm     .   (no gloves)
MR       ++...                  h - +0 pair of boots
Stlth    ..........             X - amulet of faith
HPRegen  0.26/turn              y - ring of protection from magic
MPRegen  0.17/turn              C - +2 ring of protection

@: no status effects
A: small, horns 1, mutation resistance 1
a: Heroism, Finesse, Renounce Religion


You were on level 15 of the Dungeon.
You worshipped Okawaru.
Okawaru was exalted by your worship.
You were not hungry.

You visited 2 branches of the dungeon, and saw 16 of its levels.

You collected 2172 gold pieces.

Inventory:

Hand Weapons
 a - the +7 hunting sling "Bishrey" (weapon) {venom, rF+ Str+2 Int+2}
   (Okawaru gifted it to you on level 13 of the Dungeon)

   It poisons the ammo it fires.
   It affects your strength (+2).
   It affects your intelligence (+2).
   It protects you from fire.
 b - a +0 blowgun
Missiles
 l - 223 sling bullets
 m - 100 stones (quivered)
 u - 19 poisoned needles
 N - 7 tomahawks
 V - 4 poisoned tomahawks
 W - 2 throwing nets
Armour
 c - a +0 shield
 h - a +0 pair of boots (worn)
 o - a +0 plate armour (worn)
 p - a +1 cloak (worn)
 x - a +1 buckler of reflection (worn)
 L - a +0 helmet
 M - a +2 scale mail of cold resistance
Jewellery
 y - a ring of protection from magic (left hand)
 C - a +2 ring of protection (right hand)
 J - an uncursed ring of ice
 X - an amulet of faith (around neck)
Wands
 e - a wand of flame (28)
 k - a wand of iceblast (8)
 s - a wand of disintegration (49)
 E - a wand of random effects (32)
 F - a wand of enslavement (47)
 I - a wand of digging (20)
 S - a wand of paralysis (17)
 Z - a wand of acid (5)
Scrolls
 i - 2 scrolls of fear {!r}
 q - 3 scrolls of identify {!r}
 r - 2 scrolls of enchant weapon {!r}
 t - 6 scrolls of fog {!r}
 A - a scroll of magic mapping {!r, unknown}
 B - 5 scrolls of amnesia {!r}
 D - 9 scrolls of teleportation {!r}
 G - 4 scrolls of enchant armour {!r}
 O - 3 scrolls of remove curse {!r}
 U - a scroll of silence {!r}
 Y - a scroll of vulnerability {!r}
Potions
 d - 6 potions of might {!q}
 g - 6 potions of curing {!q}
 j - 5 potions of flight {!q}
 n - 2 potions of agility {!q}
 v - a potion of heal wounds {!q}
 w - 2 potions of lignification {!q}
 z - 3 potions of brilliance {!q}
 K - 4 potions of haste {!q}
 P - a potion of cancellation {!q}
 R - a potion of resistance {!q}
Comestibles
 f - 34 rations
 H - 2 chunks of flesh


   Skills:
 * Level 9.9 Fighting
   Level 2.4 Short Blades
 + Level 15.0 Slings
 * Level 11.4 Armour
 * Level 11.5 Dodging
 * Level 11.4 Shields
 + Level 8.8 Invocations
 + Level 3.0 Evocations


You had 2 spell levels left.
You knew the following spells:

 Your Spells              Type           Power        Failure   Level  Hunger
e - Mephitic Cloud        Conj/Pois/Air  #.......     100%        3    ####...
r - Regeneration          Chrm/Necr      #.........   100%        3    ####...
s - Conjure Flame         Conj/Fire      #.......     100%        3    ####...
v - Blink                 Tloc           N/A          100%        2    ###....


Dungeon Overview and Level Annotations

Branches:
Dungeon (15/15)            Temple (1/1) D:6            Lair (0/6) D:10
    Orc (0/2) D:10         Vaults (0/5) D:14
 Depths: D:15

Altars:
Ashenzari
Cheibriados
Dithmenos
Elyvilon
Fedhas
Gozag
Hepliaklqana
Kikubaaqudgha
Makhleb
Nemelex Xobeh
Okawaru
Qazlal
Ru
Sif Muna
Trog
Uskayaw
Vehumet
Wu Jian
Yredelemnul
Zin
The Shining One

Shops:
D:9 =


Innate Abilities, Weirdness & Mutations

You are small and have problems with some larger weapons.
You are somewhat resistant to further mutation.
You have a pair of small horns on your head.


Message History

You shoot a stone.
The stone barely misses the orc warrior.
The white ugly thing completely misses you.
Firing (i - inventory. (,) - cycle):
m - 107 stones (quivered)
Press: ? - help, Shift-Dir - straight line, f/p - orc warrior
Aim: an orc warrior, wielding a glaive and wearing a chain mail You shoot a stone.
The stone hits the orc warrior!
The orc warrior is poisoned.
The orc warrior is moderately wounded.
Firing (i - inventory. (,) - cycle):
m - 106 stones (quivered)
Press: ? - help, Shift-Dir - straight line, f/p - orc warrior
Aim: an orc warrior, wielding a glaive and wearing a chain mail (moderately wounded, poisoned)
You shoot a stone.
The stone hits the orc warrior but does no damage.
The orc warrior looks as sick as possible!
The orc warrior is moderately wounded.
You block the orc warrior's attack. The white ugly thing claws you.
The white ugly thing freezes you!!
* * * LOW HITPOINT WARNING * * *
Firing (i - inventory. (,) - cycle):
m - 105 stones (quivered)
Press: ? - help, Shift-Dir - straight line, f/p - orc warrior
Aim: an orc warrior, wielding a glaive and wearing a chain mail (heavily wounded, poisoned)
You shoot a stone. The stone hits the orc warrior!
The orc warrior looks as sick as possible!
The orc warrior is severely wounded.
Firing (i - inventory. (,) - cycle):
m - 104 stones (quivered)
Press: ? - help, Shift-Dir - straight line, f/p - orc warrior
Aim: an orc warrior, wielding a glaive and wearing a chain mail (severely wounded, poisoned)
You shoot a stone. The stone hits the orc warrior.
The orc warrior is almost dead.
You kill the orc warrior!
Okawaru accepts your kill.
The white ugly thing closely misses you.
The orc throws a stone.
The stone closely misses you.
The stone completely misses the white ugly thing.
The stone barely misses the brown ugly thing.
Firing (i - inventory. (,) - cycle):
m - 103 stones (quivered)
Press: ? - help, Shift-Dir - straight line, f - white ugly thing
Aim: a white ugly thing (heavily wounded, poisoned)
You shoot a stone.
The stone closely misses the white ugly thing.
The stone hits the brown ugly thing.
The brown ugly thing looks as sick as possible!
The brown ugly thing is lightly wounded.
You block the white ugly thing's attack.
Firing (i - inventory. (,) - cycle):
m - 102 stones (quivered)
Press: ? - help, Shift-Dir - straight line, f/p - white ugly thing
Aim: a white ugly thing (heavily wounded, poisoned)
You shoot a stone. The stone hits the white ugly thing!
The white ugly thing looks as sick as possible!
The white ugly thing is severely wounded.
You hear some strange, mumbled words.
A puff of flame appears from out of thin air!
Your +1 buckler of reflection reflects the puff of flame!
The puff of flame hits something.
Firing (i - inventory. (,) - cycle):
m - 101 stones (quivered)
Press: ? - help, Shift-Dir - straight line, f/p - white ugly thing
Aim: a white ugly thing (severely wounded, poisoned)
You shoot a stone. The stone hits the white ugly thing.
The white ugly thing looks as sick as possible!
The white ugly thing is severely wounded.
Something barely misses you. The white ugly thing claws you!
* * * LOW HITPOINT WARNING * * *
The white ugly thing freezes you!!
You die...

# ####### #......
#.############ ##§.§#
#..o){@uu(...# #§§§.§##
#...#########.##§§§..§§#
. ##(#.§§§§.§§§
##.(...§......
#(......._....
#...§§§§..§§§§
#..u#§§§.§§§§.
##u.##§§§.§§§# #u##
#§§..§##


You could see 2 ugly things and an orc.

Vanquished Creatures
  Kirke (D:12)
  Fannar (D:10)
  Josephine (D:10)
  A yaktaur captain (D:14)
  A catoblepas (D:13)
  2 centaur warriors (D:11)
  2 death knights
  6 two-headed ogres
  Urug (D:11)
  The ghost of SpeedyPerson7 the Cleaver, a novice MiBe of Trog (D:8)
  A skeletal warrior (D:10)
  3 unseen horrors
  A wizard (D:11)
  Pikel (D:7)
  A wolf spider zombie (D:13)
  A phantasmal warrior (D:10)
  A deep elf mage (D:11)
  An orc knight (D:11)
  7 ugly things
  2 manticores
  A cyclops (D:11)
  A gargoyle (D:11)
  2 yaktaurs (D:14)
  2 komodo dragons (D:10)
  11 trolls
  5 hornets
  4 slime creatures
  3 hippogriffs
  5 wraiths (D:10)
  2 wyverns
  A hog (D:12)
  3 hungry ghosts
  23 yaks
  4 fire bats (D:11)
  A steam dragon (D:9)
  Edmund (D:7)
  2 acid dragons (D:11)
  A soldier ant (D:12)
  2 water moccasins
  A hell hound (D:11)
  7 orc warriors
  An ice beast (D:11)
  4 sky beasts
  4 slaves (D:7)
  2 black bears
  6 phantoms
  2 necrophages
  An eye of draining (D:12)
  16 ogres
  13 centaurs
  A crocodile (D:9)
  4 big kobolds
  10 bullfrogs
  Blork the orc (D:6)
  A wyvern zombie (D:11)
  A gnoll sergeant (D:7)
  3 scorpions
  10 killer bees
  9 wights
  8 howler monkeys
  An electric eel (D:8)
  2 lava snakes (D:11)
  5 crimson imps
  2 bullfrog zombies
  5 centaur zombies
  4 quasits
  7 hounds
  14 orc priests
  3 jellies
  Crazy Yiuf (D:2)
  8 bullfrog skeletons
  Jessica (D:2)
  6 centaur skeletons
  4 iguanas
  16 orc wizards
  14 worker ants
  A hound zombie (D:11)
  4 howler monkey skeletons
  A worker ant zombie (D:11)
  4 gnolls (D:7)
  15 adders
  3 shadow imps
  A worker ant simulacrum (D:11)
  An ooze (D:3)
  An adder skeleton (D:7)
  3 adder zombies
  3 worms (D:2)
  5 leopard geckos
  55 orcs
  A ball python (D:2)
  4 giant cockroaches
  5 goblins
  8 hobgoblins
  5 quokkas
  12 bats
  4 frilled lizards
  A jackal skeleton (D:4)
  29 kobolds
  A leopard gecko zombie (D:8)
  A quokka skeleton (D:5)
  9 rats
  3 fire vortices (D:11)
488 creatures vanquished.

Vanquished Creatures (collateral kills)
  A soldier ant (D:9)
1 creature vanquished.

Vanquished Creatures (others)
  2 centaur warriors (D:13)
  A deep elf mage (D:12)
  A hornet (D:9)
  2 humans (D:12)
  An orc wizard (D:12)
  An orc (D:12)
  4 plants (D:10)
12 creatures vanquished.

Grand Total: 501 creatures vanquished

Notes
Turn   | Place    | Note
-------+----------+-------------------------------------------
     0 | D:1      | Amnesiac the Halfling Fighter began the quest for the Orb.
     0 | D:1      | Reached XP level 1. HP: 15/15 MP: 1/1
   147 | D:1      | Reached skill level 1 in Dodging
   158 | D:1      | Reached XP level 2. HP: 18/20 MP: 2/2
   490 | D:1      | Reached XP level 3. HP: 22/25 MP: 3/3
  1304 | D:2      | Reached XP level 4. HP: 30/30 MP: 4/4
  1443 | D:2      | Found a runed door.
  1675 | D:2      | Noticed Jessica
  1701 | D:2      | Killed Jessica
  1701 | D:2      | Reached XP level 5. HP: 21/36 MP: 5/5
  2163 | D:2      | Reached skill level 1 in Slings
  2251 | D:2      | Noticed Crazy Yiuf
  2259 | D:2      | Killed Crazy Yiuf
  2259 | D:2      | Reached skill level 2 in Slings
  2426 | D:3      | Reached skill level 3 in Slings
  2679 | D:3      | Noticed a black bear
  2714 | D:3      | Killed a black bear
  2714 | D:3      | Reached skill level 5 in Slings
  2714 | D:3      | Reached XP level 6. HP: 12/42 MP: 6/6
  2950 | D:3      | Noticed an ogre
  2958 | D:3      | Killed an ogre
  2958 | D:3      | Reached skill level 6 in Slings
  3102 | D:3      | Reached XP level 7. HP: 46/46 MP: 7/7
  3125 | D:3      | Reached skill level 7 in Slings
  3490 | D:4      | Reached skill level 8 in Slings
  3552 | D:4      | Reached skill level 9 in Slings
  3658 | D:4      | Reached XP level 8. HP: 52/52 MP: 8/8
  3796 | D:4      | Reached skill level 10 in Slings
  4022 | D:5      | Entered Level 5 of the Dungeon
  4029 | D:4      | Reached skill level 11 in Slings
  4260 | D:5      | Found the +4 skin of Zhor {rC+++}
  4414 | D:5      | Reached skill level 12 in Slings
  4581 | D:6      | Reached XP level 9. HP: 58/58 MP: 9/9
  4636 | D:6      | Noticed Edmund
  4646 | D:6      | Noticed Blork the orc
  4937 | D:6      | Killed Blork the orc
  5224 | D:6      | Found a staircase to the Ecumenical Temple.
  5298 | Temple   | Entered the Ecumenical Temple
  5355 | Temple   | Became a worshipper of Warmaster Okawaru
  5407 | D:6      | Reached skill level 5 in Armour
  5407 | D:6      | Reached skill level 5 in Dodging
  5407 | D:6      | Reached skill level 5 in Shields
  5828 | D:6      | Reached skill level 1 in Invocations
  6029 | D:7      | Killed Edmund
  6029 | D:7      | Reached * piety under Okawaru
  6029 | D:7      | Reached XP level 10. HP: 61/65 MP: 11/11
  6208 | D:7      | Noticed Pikel
  6223 | D:7      | Killed Pikel
  6223 | D:7      | Reached skill level 5 in Fighting
  7018 | D:8      | Reached ** piety under Okawaru
  7456 | D:8      | Found a glowing golden altar of the Shining One.
  7552 | D:8      | Noticed SpeedyPerson7's ghost (novice MiBe)
  7581 | D:8      | Killed SpeedyPerson7's ghost
  7581 | D:8      | Reached *** piety under Okawaru
  7621 | D:8      | Reached skill level 13 in Slings
  7621 | D:8      | Reached XP level 11. HP: 62/72 MP: 14/14
  8659 | D:9      | Found Jayg's Jewellery Boutique.
  8679 | D:9      | Found an iron altar of Okawaru.
  8682 | D:9      | Got a translucent mace
  8686 | D:9      | Reached skill level 5 in Invocations
  8755 | D:9      | Paralysed by a hornet for 3 turns
  8773 | D:9      | Reached **** piety under Okawaru
  9564 | D:10     | Entered Level 10 of the Dungeon
  9580 | D:10     | Got a sapphire-studded leather armour
  9592 | D:10     | Identified the cursed +1 leather armour of Somewhere Else {-Cast rCorr SInv Stlth+} (You found it on level 10 of the Dungeon)
  9909 | D:10     | Identified the cursed +2 mace of Fury {pain, rElec} (You found it on level 9 of the Dungeon)
  9933 | D:10     | Received a gift from Okawaru
  9937 | D:10     | Noticed a phantasmal warrior
  9965 | D:10     | Killed a phantasmal warrior
 10307 | D:10     | Noticed a two-headed ogre
 10343 | D:10     | Killed an unseen horror
 10359 | D:10     | Killed a two-headed ogre
 10359 | D:10     | Reached ***** piety under Okawaru
 10572 | D:10     | Noticed Fannar
 10573 | D:10     | Noticed Josephine
 10588 | D:10     | Killed Fannar
 10588 | D:10     | Received a gift from Okawaru
 10588 | D:10     | Reached XP level 12. HP: 74/81 MP: 16/16
 10591 | D:10     | Killed Josephine
 10626 | D:10     | Received a gift from Okawaru
 10935 | D:10     | Found a staircase to the Lair.
 11175 | D:10     | Killed an unseen horror
 11269 | D:10     | Noticed a death knight
 11288 | D:10     | Noticed a skeletal warrior
 11288 | D:10     | Killed a death knight
 11310 | D:10     | Killed a skeletal warrior
 11393 | D:10     | Found a staircase to the Orcish Mines.
 11796 | D:11     | Noticed a centaur warrior
 11798 | D:11     | Noticed a two-headed ogre
 11824 | D:11     | Killed a centaur warrior
 11831 | D:11     | Killed a two-headed ogre
 11831 | D:11     | Reached skill level 14 in Slings
 11831 | D:11     | Reached XP level 13. HP: 78/88 MP: 11/18
 11865 | D:11     | Received a gift from Okawaru
 12156 | D:11     | Reached skill level 10 in Dodging
 12156 | D:11     | Reached skill level 10 in Shields
 12249 | D:11     | Reached skill level 10 in Armour
 12326 | D:11     | Noticed Urug
 12380 | D:11     | Killed Urug
 12552 | D:11     | Gained mutation: You have a pair of small horns on your head. [potion of mutation]
 12552 | D:11     | Gained mutation: Your magical capacity is low. (-10% MP) [potion of mutation]
 12955 | D:11     | Learned a level 2 spell: Blink
 12959 | D:11     | Learned a level 3 spell: Conjure Flame
 12963 | D:11     | Learned a level 3 spell: Mephitic Cloud
 12968 | D:11     | Noticed a centaur warrior
 12986 | D:11     | Killed a centaur warrior
 14083 | D:12     | Received a gift from Okawaru
 14097 | D:12     | Lost mutation: You have a pair of small horns on your head. [potion of mutation]
 14097 | D:12     | Lost mutation: Your magical capacity is low. (-10% MP) [potion of mutation]
 14097 | D:12     | Gained mutation: You have a pair of small horns on your head. [potion of mutation]
 14366 | D:12     | Noticed Kirke
 14384 | D:12     | Noticed a sphinx
 14389 | D:12     | Killed Kirke
 14389 | D:12     | Reached skill level 1 in Evocations
 14389 | D:12     | Reached XP level 14. HP: 80/97 MP: 12/20
 14800 | D:12     | Received a gift from Okawaru
 15160 | D:13     | Reached ****** piety under Okawaru
 15307 | D:13     | Received a gift from Okawaru
 15510 | D:13     | Received a gift from Okawaru
 15514 | D:13     | Got a steaming hunting sling {god gift}
 15515 | D:13     | Identified the +7 hunting sling "Bishrey" {venom, rF+ Str+2 Int+2} (Okawaru gifted it to you on level 13 of the Dungeon)
 15834 | D:13     | Got a steaming flail
 15975 | D:13     | Identified the cursed +0 flail of Tituxi {crush, rF+ MR+ Dex-4} (You found it on level 13 of the Dungeon)
 16389 | D:13     | Reached skill level 15 in Slings
 16665 | D:14     | Learned a level 3 spell: Regeneration
 16683 | D:14     | Received a gift from Okawaru
 17182 | D:14     | Found a gate to the Vaults.
 17413 | D:15     | Entered Level 15 of the Dungeon
 17447 | D:15     | Found a shadowy altar of Dithmenos.
 17496 | D:15     | Received a gift from Okawaru
 17524 | D:15     | Slain by a white ugly thing

Vault maps used:
D:1:      nagdon_arrival_zigzag_paths, minivault_14, minmay_pentomino_p2
D:2:      first_ration, uniq_jessica, uniq_crazy_yiuf_cottage
D:3:      cheibrodos_helix_gallery, minmay_mini_jars
D:6:      temple_fountains, uniq_edmund, uniq_blork_the_orc
D:7:      corexii_leaking_fountain, hangedman_decor_clover_reticule, uniq_pikel
D:8:      tso_metal_star
D:9:      serial_shops, shop, hangedman_pestilent_swarm,
          okawaru_ov_weapons_minmay
D:10:     david_lair_shrubbed, david_orc_3, serial_park_tiny_pond,
          columned_hall_lemuel, uniq_fannar, uniq_josephine
D:11:     minmay_the_grid_square_5x5_4x4, hangedman_incinerator, uniq_urug
D:12:     minmay_misc_feat_more_columns, minmay_misc_feat_tower, uniq_kirke
D:14:     david_vaults_2, lemuel_flamethrower_2
D:15:     gammafunk_enter_depths_forms, nicolae_dithmenos_the_darkroom,
          minivault_4, corner_web_ring, minmay_sticks_and_stones
Temple:   regret_index_temple_sigil_plot

Skill      XL: |  1  2  3  4  5  6  7  8  9 10 11 12 13 14 |
---------------+-------------------------------------------+-----
Dodging        | 1 2 3 5 6 8 9 10 11 | 11.5
Fighting       | 3 4 5 7 8 9 |  9.9
Slings         | 5 6 9 12 13 14 15 | 15.0
Armour         | 5 6 8 9 10 11 | 11.4
Shields        | 5 6 8 9 10 11 | 11.4
Invocations    | 1 4 6 7 8 |  8.8
Evocations     | 1 3 |  3.0
Short Blades   | |  2.4

Action                   |  1- 3 |  4- 6 |  7- 9 | 10-12 | 13-15 || total
-------------------------+-------+-------+-------+-------+-------++-------
Melee: Rapier            |    84 |       |       |       |       ||    84
       Dagger            |    60 |    68 |    24 |       |       ||   152
       Hunting sling     |       |       |       |     1 |     1 ||     2
       Unarmed           |       |       |       |       |     5 ||     5
       Fustibalus        |       |       |       |       |     1 ||     1
 Fire: Hunting sling     |       |   160 |   388 |  1019 |   736 ||  2303
       Fustibalus        |       |       |       |       |   345 ||   345
       Blowgun           |       |       |       |       |     7 ||     7
Throw: Stone             |    80 |    14 |    39 |     7 |       ||   140
       Tomahawk          |       |       |       |       |     6 ||     6
Invok: Heroism           |       |       |       |     1 |     2 ||     3
       Finesse           |       |       |       |     1 |     2 ||     3
Evoke: Wand              |       |       |       |     8 |       ||     8
  Use: Scroll            |     4 |     2 |     3 |     7 |     9 ||    25
       Potion            |       |     7 |       |       |    11 ||    18
 Stab: Sleeping          |     1 |       |       |       |       ||     1
  Eat: Chunk             |     2 |     5 |     9 |    21 |    10 ||    47
       Ration            |       |       |       |     1 |       ||     1
Armor: Scale mail        |    41 |    53 |    22 |       |       ||   116
       Skin              |       |     3 |       |       |    18 ||    21
       Animal skin       |       |       |    15 |    34 |       ||    49
       Plate armour      |       |       |       |   105 |   149 ||   254
Dodge: Dodged            |    46 |    79 |    47 |   140 |   191 ||   503
Block: Shield            |    73 |    90 |    57 |   200 |     1 ||   421
       Buckler           |       |       |       |       |   166 ||   166
       Reflection        |       |       |       |       |    18 ||    18

Table legend:
 A = Spawn XP
 B = Non-spawn XP
 C = Spawn XP percentage of total XP
 D = Spawn monster count
 E = Non-spawn monster count
 F = Spawn count percentage of total count
 G = Total turns spent on level
                    A         B        C        D         E        F      G
               +---------+---------+-------+---------+---------+-------+---------
         Total |       0 |   66710 |   0.0 |       0 |     485 |   0.0 | 17524
               +---------+---------+-------+---------+---------+-------+---------
           D:1 |       0 |      37 |   0.0 |       0 |      24 |   0.0 |  1203
           D:2 |       0 |     159 |   0.0 |       0 |      23 |   0.0 |  1158
           D:3 |       0 |     462 |   0.0 |       0 |      41 |   0.0 |  1202
           D:4 |       0 |     778 |   0.0 |       0 |      22 |   0.0 |   697
           D:5 |       0 |     426 |   0.0 |       0 |      10 |   0.0 |   679
           D:6 |       0 |    1612 |   0.0 |       0 |      39 |   0.0 |  1211
           D:7 |       0 |    1853 |   0.0 |       0 |      26 |   0.0 |  1207
           D:8 |       0 |    2652 |   0.0 |       0 |      40 |   0.0 |  1082
           D:9 |       0 |    3176 |   0.0 |       0 |      32 |   0.0 |  1318
          D:10 |       0 |   12920 |   0.0 |       0 |      54 |   0.0 |  1724
          D:11 |       0 |   17114 |   0.0 |       0 |      77 |   0.0 |  2407
          D:12 |       0 |    9918 |   0.0 |       0 |      52 |   0.0 |  1284
          D:13 |       0 |    9727 |   0.0 |       0 |      29 |   0.0 |  1606
          D:14 |       0 |    3611 |   0.0 |       0 |       9 |   0.0 |   553
          D:15 |       0 |    2265 |   0.0 |       0 |       7 |   0.0 |   111
               +---------+---------+-------+---------+---------+-------+---------
